Map: Ley Lines

Players

Lambo - Winner!

  • Race: Zerg Zerg
  • Spawn Location: 7:00

LiquidMaNa (MaNa)

  • Race: Protoss Protoss
  • League: Grandmaster
  • Spawn Location: 1:00

Event: HomeStory Cup XXVII

VOD

Have the link to the VOD?

Description

Time

  • Played on: June 27, 2025, 7:32 a.m.
  • Length: 7:16

All games in this series

Show
View Real Time Build Order
Export as new Build Order

Lambo Zerg - Winner!

Build Orders: Pool First 

Get SALT Encoding   

  12  0:00  Drone  
  13  0:10  Drone  
  13  0:14  Extractor  
  13  0:15  Drone  
  15  0:21  Overlord  
  15  0:36  Spawning Pool  
  15  0:40  Drone  
  15  0:43  Drone  
  15  0:46  Drone  
  17  1:03  Drone  
  17  1:28  Zergling x6  
  20  1:40  Hatchery  
  20  1:42  Queen  
  21  1:48  Drone  
  22  1:59  Overlord  
  22  2:06  Extractor  
  21  2:11  Drone  
  22  2:25  Queen  
  22  2:27  Drone  
  22  2:29  Drone  
  26  2:35  Drone  
  27  2:45  Hatchery  
  27  2:50  Drone  
  27  2:54  Drone x2  
  27  2:58  Drone  
  30  3:04  Drone x2  
  32  3:09  Overlord  
  32  3:13  Drone  
  32  3:15  Drone  
  34  3:20  Metabolic Boost  
  34  3:24  Drone  
  35  3:28  Drone  
  35  3:32  Drone x2  
  38  3:37  Drone x3  
  41  3:43  Queen  
  41  3:47  Drone  
  44  3:52  Spore Crawler  
  44  3:53  Drone  
  44  3:55  Overlord  
  44  3:59  Drone x3  
  47  4:06  Zergling x6  
  50  4:10  Overlord  
  50  4:18  Drone x4  
  50  4:20  Queen  
  56  4:25  Drone x2  
  56  4:26  Spore Crawler  
  56  4:30  Drone x2  
  59  4:39  Overlord  
  59  4:40  Drone x3  
  59  4:44  Overlord  
  59  4:45  Drone  
  63  4:49  Roach Warren  
  62  4:54  Overlord  
  62  4:55  Drone x4  
  62  4:58  Lair  
  66  5:01  Extractor  
  66  5:05  Overlord  
  66  5:06  Drone x3  
  68  5:08  Overlord  
  68  5:09  Overlord  
  68  5:12  Drone  
  68  5:13  Extractor x2  
  68  5:14  Overlord  
  67  5:17  Overlord  
  67  5:19  Drone  
  68  5:27  Overlord  
  67  5:30  Zergling x8  
  67  5:32  Drone  
  67  5:35  Extractor  
  71  5:39  Drone, Spore Crawler  
  71  5:46  Overlord  
  71  5:48  Roach x8  
  85  5:58  Queen  
  85  6:00  Overseer  
  85  6:03  Drone, Overlord  
  85  6:04  Drone x2, Overlord  
  89  6:06  Roach x2  
  89  6:10  Roach  
  95  6:12  Roach x2  
  95  6:14  Ravager  
  100  6:21  Zergling x12  
  100  6:22  Ravager  
  106  6:26  Zergling x4  
  106  6:29  Ravager x2  
  109  6:34  Zergling x4, Overlord, Roach  
  109  6:38  Zergling x8  
  109  6:39  Ravager  
  118  6:42  Zergling x2  
  118  6:43  Ravager  
  118  6:44  Roach  
  122  6:50  Roach x3  
  122  6:51  Zergling x2  
  126  6:57  Zergling x2  
  123  7:07  Ravager x2  
Show
View Real Time Build Order
Export as new Build Order

LiquidMaNa Protoss 

Build Orders:  

Get SALT Encoding   

  12  0:00  Probe  
  13  0:12  Probe  
  14  0:17  Pylon  
  14  0:24  Probe  
  15  0:34  Forge  
  15  0:50  Pylon  
  15  1:12  Pylon, Photon Cannon  
  15  1:14  Pylon  
  15  1:20  Pylon  
  15  1:23  Probe  
  14  1:35  Gateway, Probe  
  15  1:41  Pylon  
  15  1:43  Probe  
  16  2:00  Photon Cannon  
  17  2:16  Zealot  
  17  2:20  Probe  
  17  2:26  Nexus  
  19  2:33  Probe  
  19  2:35  Assimilator  
  19  2:45  Probe  
  19  2:48  Cybernetics Core  
  20  2:53  Probe  
  21  3:02  Probe  
  21  3:03  Assimilator  
  21  3:11  Probe  
  22  3:14  Adept  
  23  3:23  Probe  
  26  3:29  Warp Gate  
  26  3:34  Adept  
  26  3:35  Probe  
  26  3:38  Probe  
  28  3:47  Probe  
  31  3:50  Probe  
  31  3:55  Robotics Facility  
  32  3:59  Probe  
  32  4:02  Probe  
  34  4:06  Stalker  
  36  4:11  Probe  
  36  4:14  Probe  
  38  4:19  Protoss Ground Weapons Level 1  
  38  4:24  Probe  
  39  4:26  Probe  
  40  4:32  Immortal  
  40  4:36  Probe  
  41  4:39  Probe  
  41  4:44  Pylon  
  46  5:01  Immortal  
  46  5:02  Probe x2  
  48  5:07  Gateway  
  48  5:09  Gateway  
  52  5:14  Pylon  
  52  5:19  Sentry  
  54  5:30  Probe  
  54  5:32  Probe  
  54  5:34  Gateway  
  55  5:37  Gateway  
  55  5:40  Gateway, Warp Prism  
  55  5:42  Probe  
  58  5:48  Probe  
  59  5:52  Sentry  
  59  5:54  Probe  
  59  5:55  Pylon  
  62  6:09  Pylon  
  62  6:13  Probe x2  
  62  6:15  Stalker x3  
  70  6:26  Pylon  
  70  6:32  Pylon  
  70  6:36  Zealot x3  
  76  6:40  Zealot  
  76  6:44  Stalker x2  
Tags
 
Matchup
PvZ
Opening
Pool First
Player
LamboMaNa
Replay Pack
hsc27
Spawn Locations
Cross Positions
Add a new tag
Caveats
  • Supply blocks, unpowered buildings, or Contaminate may cause inaccurate times.
  • Supply counts are checked every 10 seconds.